 Dungeon Crawl Stone Soup version 0.18-b1-16-g289874d (webtiles) character file.

3504 Midnight the Spear-Bearer (level 10, -2/120 HPs)
             Began as a Merfolk Berserker on May 2, 2016.
             Was an Elder of Trog.
             Killed from afar by a tengu conjurer (11 damage)
             ... with a puff of flame
             ... on level 12 of the Dungeon.
             The game lasted 00:16:57 (8977 turns).

Midnight the Spear-Bearer (Merfolk Berserker)       Turns: 8977, Time: 00:16:58

Health: -2/120     AC:  5    Str: 26    XL:     10   Next: 7%
Magic:  21/21      EV: 18    Int:  7    God:    Trog [****..]
Gold:   590        SH:  0    Dex: 13    Spells: 0 memorised, 9 levels left

rFire  . . .     SeeInvis .     q - +0 trident
rCold  . . .     Gourm    .     b - +0 animal skin
rNeg   . . .     Faith    .     (no shield)
rPois  .         Spirit   .     j - +0 helmet
rElec  .         Dismiss  .     (no cloak)
rCorr  .         Reflect  .     (no gloves)
SustAt .         Harm     .     (no boots)
MR     +++..                    (no amulet)
Stlth  ..........               E - ring of protection from magic
                                y - ring of magical power

@: berserking (expiring), regenerating, very quick, extremely resistant to
hostile enchantments, extremely unstealthy
A: change form in water, swift swim, slimy green scales 1
a: Berserk, Trog's Hand, Brothers in Arms, Burn Spellbooks, Renounce Religion


You were on level 12 of the Dungeon.
You worshipped Trog.
Trog was greatly pleased with you.
You were hungry.

You visited 1 branch of the dungeon, and saw 10 of its levels.

You collected 590 gold pieces.

Inventory:

Hand Weapons
 a - a +0 spear
 q - a +0 trident (weapon)
Armour
 b - a +0 animal skin (worn)
 j - a +0 helmet (worn)
 C - a +0 buckler
 I - a +0 ring mail
Jewellery
 y - a ring of magical power (left hand)
 E - a ring of protection from magic (right hand)
Wands
 v - a wand of acid (2/15)
 z - a wand of iceblast (7/15)
 G - a wand of slowing (32/48)
 H - a wand of acid (5/15)
 K - a wand of confusion (33/48)
Scrolls
 e - 4 scrolls of fear
 f - 3 scrolls of teleportation
 h - 2 scrolls of magic mapping
 i - a scroll of immolation {unknown}
 k - a scroll of fog {unknown}
 l - a scroll of enchant weapon {unknown}
 n - 3 scrolls of enchant armour {unknown}
 o - a scroll of amnesia {unknown}
 p - a scroll of recharging {unknown}
 r - 7 scrolls of identify {unknown}
 x - 2 scrolls of random uselessness {unknown}
 A - 5 scrolls of remove curse {unknown}
 D - a scroll of torment {unknown}
Potions
 m - 3 potions of curing {unknown}
 s - a potion of heal wounds {unknown}
 t - a potion of agility {unknown}
 w - 3 potions of haste {unknown}
 F - 4 potions of ambrosia {unknown}
 J - a potion of resistance {unknown}
Comestibles
 c - 4 bread rations
 d - a beef jerky
 g - 3 slices of pizza
 u - 4 meat rations
 B - 6 fruits
 L - 4 chunks of flesh


   Skills:
 * Level 7.6 Fighting
 + Level 11.5 Polearms
 * Level 2.8 Armour
 + Level 11.0 Dodging
 * Level 3.0 Shields
 * Level 2.7 Evocations


You had 9 spell levels left.
You didn't know any spells.

Dungeon Overview and Level Annotations

Branches:
Dungeon (9/15)             Temple (0/1) D:7
   Lair: D:8-11         Orc: D:9-12

Altars:
Ashenzari
Dithmenos
Gozag
Okawaru
Qazlal
Ru
Sif Muna
Vehumet
Yredelemnul


Innate Abilities, Weirdness & Mutations

You revert to your normal form in water.
You are very nimble and swift while swimming.
You are partially covered in slimy green scales (AC +2).


Message History

You puncture the tengu warrior!
The tengu warrior is severely wounded.
The tengu warrior barely misses you. The tengu warrior pecks you.
* * * LOW HITPOINT WARNING * * *
The tengu warrior misses you.
You barely miss the tengu warrior.
The tengu warrior is severely wounded.
The tengu conjurer gestures at you while chanting.
The puff of flame misses you.
You puncture the tengu warrior!
The tengu warrior is almost dead.
You closely miss the tengu warrior.
The tengu warrior is almost dead.
The tengu warrior hits you with a great sword!
* * * LOW HITPOINT WARNING * * *
The tengu warrior barely misses you. The tengu warrior claws you.
* * * LOW HITPOINT WARNING * * *
The tengu conjurer casts a spell at you.
The puff of flame hits you!
You die...

. ..
...##+#####
..........#
.......Q..#
.......@Q.+
###.a.....#
.......s<..#
...........#
...........#
..........##
..........#
.(.........


You could see a tengu warrior, a tengu conjurer, a scorpion and a worker ant.

Vanquished Creatures
  Grinder (D:3)
  The ghost of denis1488 the Slasher, an amateur HuFi of Okawaru (D:4)
  A water moccasin (D:8)
  A black bear (D:8)
  2 orc warriors
  2 ice beasts
  2 necrophages
  2 sky beasts (D:6)
  A wasp (D:9)
  A centaur (D:5)
  6 giant frogs
  A scorpion (D:8)
  8 crimson imps
  A giant frog zombie (D:7)
  5 jellies
  A quasit (D:9)
  2 orc priests (D:5)
  A gnoll shaman (D:7)
  2 hounds (D:5)
  9 orc wizards
  3 giant frog skeletons
  2 centaur skeletons
  An iguana (D:6)
  Ijyb (D:3)
  6 worker ants
  A howler monkey zombie (D:8)
  Robin (D:2)
  2 worker ant zombies
  5 gnolls (D:7)
  13 adders
  2 shadow imps
  2 adder skeletons (D:5)
  3 worms
  2 dart slugs
  8 giant geckos
  25 orcs
  3 giant cockroaches
  21 goblins
  11 hobgoblins
  14 jackals
  2 quokkas
  3 ball pythons
  9 bats
  A giant gecko skeleton (D:4)
  5 giant newts
  A jackal skeleton (D:5)
  10 kobolds
  9 rats
216 creatures vanquished.

Notes
Turn   | Place    | Note
--------------------------------------------------------------
     0 | D:1      | Midnight the Merfolk Berserker began the quest for the Orb.
     0 | D:1      | Reached XP level 1. HP: 18/18 MP: 1/1
    53 | D:1      | Reached XP level 2. HP: 8/24 MP: 2/2
  1061 | D:1      | Reached XP level 3. HP: 30/30 MP: 3/3
  1087 | D:1      | Reached ** piety under Trog
  1091 | D:1      | Reached skill level 5 in Polearms
  1337 | D:2      | Found a faded altar to an unknown god.
  1352 | D:2      | HP: 2/45 [adder (2)]
  1369 | D:2      | Reached XP level 4. HP: 8/37 MP: 4/4
  1785 | D:2      | Noticed Robin
  1818 | D:2      | Killed Robin
  1838 | D:2      | Gained mutation: You are partially covered in slimy green scales (AC +2). [potion of beneficial mutation]
  2238 | D:3      | Reached XP level 5. HP: 42/42 MP: 5/5
  2330 | D:3      | Noticed Grinder
  2357 | D:3      | Killed Grinder
  2357 | D:3      | Reached XP level 6. HP: 14/49 MP: 6/6
  2691 | D:3      | Found an iron altar of Okawaru.
  2783 | D:3      | Noticed Ijyb
  2815 | D:3      | Killed Ijyb
  3154 | D:3      | Found a stormy altar of Qazlal.
  3155 | D:3      | Found a radiant altar of Vehumet.
  3171 | D:3      | Reached *** piety under Trog
  3429 | D:4      | Found an opulent altar of Gozag.
  3509 | D:4      | Found a shadowy altar of Dithmenos.
  3517 | D:4      | Noticed denis1488's ghost (amateur HuFi)
  3517 | D:4      | Reached XP level 7. HP: 55/55 MP: 7/7
  3536 | D:4      | Killed denis1488's ghost
  4210 | D:4      | Found a deep blue altar of Sif Muna.
  4392 | D:5      | Entered Level 5 of the Dungeon
  4422 | D:5      | Reached skill level 5 in Fighting
  4669 | D:5      | Reached XP level 8. HP: 43/62 MP: 8/8
  5589 | D:6      | Reached skill level 10 in Polearms
  5725 | D:6      | Reached **** piety under Trog
  5817 | D:6      | HP: 3/64 [something (5)]
  6262 | D:6      | Found a shattered altar of Ashenzari.
  6570 | D:7      | Reached XP level 9. HP: 69/69 MP: 9/9
  6713 | D:7      | Reached skill level 1 in Evocations
  6963 | D:7      | Found a staircase to the Ecumenical Temple.
  6971 | D:7      | Reached skill level 1 in Shields
  7043 | D:7      | Reached skill level 10 in Dodging
  7254 | D:7      | Found a sacrificial altar of Ru.
  7265 | D:7      | Found a basalt altar of Yredelemnul.
  8686 | D:9      | Reached XP level 10. HP: 67/79 MP: 11/11
  8964 | D:9      | You fall through a shaft for 3 floors!
  8964 | D:12     | Noticed a tengu warrior
  8977 | D:12     | Killed from afar by a tengu conjurer

Skill      XL: |  1  2  3  4  5  6  7  8  9 10 |
---------------+-------------------------------+-----
Dodging        | 3 4 6 8 9 10 11 | 11.0
Fighting       | 4 5 6 7 |  7.6
Polearms       | 5 6 7 8 10 11 | 11.5
Evocations     | 2 |  2.7
Shields        | 2 3 |  3.0
Armour         | 2 |  2.8

Action                   |  1- 3 |  4- 6 |  7- 9 | 10-12 || total
-------------------------+-------+-------+-------+-------++-------
Melee: Spear             |   134 |   257 |    24 |       ||   415
       Trident           |       |       |   570 |    47 ||   617
       Tailslap          |       |       |     1 |       ||     1
Invok: Berserk           |     4 |     4 |     4 |     1 ||    13
       Trog's Hand       |     1 |     3 |     5 |     1 ||    10
  Use: Potion            |     2 |     1 |       |       ||     3
       Scroll            |       |       |     4 |       ||     4
 Stab: Sleeping          |     1 |     5 |     5 |       ||    11
       Distracted        |     1 |       |       |       ||     1
  Eat: Chunk             |     4 |    13 |    17 |     1 ||    35
       Beef jerky        |       |       |     3 |       ||     3
Armor: Animal skin       |    19 |    39 |    84 |     2 ||   144
       Skin              |    29 |       |       |       ||    29
Dodge: Dodged            |    76 |   163 |   384 |    32 ||   655
